AoeStats
← freewillie

Yucatan

510433984Analyzed
2v2 RM · 3d ago on Oct 1, 2026· 48m 17s· 4 players
Game mode
Random Map
Map size
Medium (4 player)
Population
200
Speed
Normal
Resources
Standard
Victory
Conquest
Starting age
Dark Age
Ending age
Imperial Age
RankedLock teamsTeams togetherTeam positionsShared explorationLock speedFull tech treeHidden civsTurbo modeCheats
Victory
Defeat
🇺🇸 Vietnamese · United States
1116
+13
🇺🇸 Goths · United States
1106
+14
🇲🇽 Dravidians · Mexico
1057
-14
🇺🇸 Aztecs · United States
1050
-13
HDSON.menoncab
7:53 Loom
12:49 Feudal Age
12:58 Man-at-Arms
15:01 Town Watch
15:31 Forging
15:20 Double-Bit Axe
19:55 Castle Age
21:37 Bow Saw
22:00 Fletching
21:36 Elite Skirmisher
23:25 Bodkin Arrow
26:48 Horse Collar
28:17 Gold Mining
29:46 Wheelbarrow
31:13 Scale Barding Armor
31:11 Padded Archer Armor
32:32 Stone Mining
36:45 Imperial Age
35:21 Heavy Plow
35:58 Ballistics
35:58 Leather Archer Armor
35:52 Scale Barding Armor
36:54 Long Swordsman
37:35 Squires
39:35 Chemistry
38:38 Bracer
38:43 Scale Mail Armor
39:36 Wootz Steel
38:45 Two-Handed Swordsman
39:15 Gambesons
39:39 Champion
44:10 Onager
HDSON.Stilson16
3:06 Loom
12:29 Feudal Age
12:48 Man-at-Arms
17:32 Wheelbarrow
22:02 Castle Age
22:44 Crossbowman
38:51 Double-Bit Axe
40:24 Horse Collar
44:48 Imperial Age
freewillie
5:01 Loom
11:37 Feudal Age
13:28 Double-Bit Axe
16:42 Castle Age
15:54 Fletching
19:00 Bow Saw
19:04 Elite Skirmisher
19:07 Crossbowman
20:20 Padded Archer Armor
21:36 Town Watch
22:45 Horse Collar
24:58 Scale Mail Armor
25:08 Forging
25:26 Squires
26:15 Chain Mail Armor
26:07 Gold Mining
27:37 Bodkin Arrow
31:59 Iron Casting
32:36 Wheelbarrow
32:02 Town Patrol
32:15 Bodkin Arrow
32:30 Heavy Plow
32:51 Arson
38:23 Imperial Age
38:31 Elite Fire Lancer
39:04 Capped Ram
44:24 Paper Money
jwholl
8:27 Loom
10:17 Feudal Age
11:13 Man-at-Arms
13:49 Double-Bit Axe
14:19 Scale Mail Armor
20:58 Castle Age
21:03 Long Swordsman
22:57 Forging
23:00 Horse Collar
25:38 Padded Archer Armor
26:00 Squires
31:03 Elite Skirmisher
32:18 Gold Mining
33:41 Bow Saw
36:22 Chain Mail Armor
35:58 Fletching
37:22 Heavy Plow
40:52 Imperial Age
39:37 Anarchy
40:38 Iron Casting
40:57 Town Watch
41:02 Capped Ram
42:20 Two-Handed Swordsman
44:05 Blast Furnace
45:43 Bodkin Arrow
Connection lost

Rejoining the realm…

Still unreachable

The connection could not be restored.

Session expired

The server has moved on; the page needs a fresh start.